TOP OF THE 1ST |
---|
Pocatello Bellas batting - Pitching for Kalamazoo Royale with Cheese : RHP Jason Taylor | Pitching: RHP Jason Taylor | | Batting: RHB Francisco Ibarra | 0-0: Ball 1-0: Called Strike 1-1: DOUBLE (Line Drive, 3D) | Batting: LHB Keith Beard | 0-0: Ball 1-0: Foul Ball, location: 2F 1-1: Fly out, F7 (Flyball, 7) | Batting: SHB Shane Hutchinson | 0-0: Ball 1-0: Ball Passed Ball! Francisco Ibarra to third 2-0: Foul Ball, location: 2F 2-1: SINGLE (Line Drive, 6MD) Francisco Ibarra scores | Batting: RHB Marlon Phipps | 0-0: Foul Ball, location: 2F 0-1: Ball 1-1: Ball 2-1: Ball 3-1: Foul Ball, location: 2F 3-2: Foul Ball, location: 2F 3-2: Foul Ball, location: 2F 3-2: Foul Ball, location: 2F 3-2: SINGLE (Line Drive, 4MD) Shane Hutchinson to second | Batting: SHB Nick Cox | 0-0: Ball 1-0: Called Strike 1-1: Ball 2-1: Foul Ball, location: 2F 2-2: Foul Ball, location: 2F 2-2: Foul Ball, location: 2F 2-2: Foul Ball, location: 2F 2-2: Foul Ball, location: 2F 2-2: Foul Ball, location: 2F 2-2: Foul Ball, location: 2F 2-2: Strikes out swinging | Batting: RHB Tomás Carranza | 0-0: Ball 1-0: Foul Ball, location: 2F 1-1: Foul Ball, location: 2F 1-2: Ball 2-2: Foul Ball, location: 2F 2-2: Ball 3-2: Ground out U3 (Groundball, 34) | Top of the 1st over - 1 run, 3 hits, 0 errors, 2 left on base; Pocatello 1 - Kalamazoo 0 | BOTTOM OF THE 1ST |
---|
Kalamazoo Royale with Cheese batting - Pitching for Pocatello Bellas : RHP Martín Ramírez | Pitching: RHP Martín Ramírez | | Batting: RHB José Velásquez | 0-0: Called Strike 0-1: Ball 1-1: Swinging Strike 1-2: Strikes out looking | Batting: SHB Bob Noble | 0-0: Ball 1-0: Called Strike 1-1: Ball 2-1: Foul Ball, location: 2F 2-2: Ground out 4-3 (Groundball, 4) | Batting: LHB Vincente Sáenz | 0-0: Ball 1-0: Ball 2-0: Ball 3-0: Base on Balls | Batting: SHB Caden Keith | 0-0: Called Strike 0-1: Fly out, F5 (Line Drive, 5S) | Bottom of the 1st over - 0 runs, 0 hits, 0 errors, 1 left on base; Pocatello 1 - Kalamazoo 0 | TOP OF THE 2ND |
---|
Pocatello Bellas batting - Pitching for Kalamazoo Royale with Cheese : RHP Jason Taylor | Batting: LHB Keng-chi Lao | 0-0: Ground out 4-3 (Groundball, 4) | Batting: RHB Morgan Gibbon | 0-0: Ball 1-0: Foul Ball, location: 2F 1-1: Ball 2-1: Ball 3-1: Base on Balls | Batting: RHB José Delgado | 0-0: Foul Ball, location: 2F 0-1: Swinging Strike 0-2: Strikes out swinging | Batting: RHB Francisco Ibarra | 0-0: Swinging Strike 0-1: Foul Ball, location: 2F 0-2: Strikes out swinging | Top of the 2nd over - 0 runs, 0 hits, 0 errors, 1 left on base; Pocatello 1 - Kalamazoo 0 | BOTTOM OF THE 2ND |
---|
Kalamazoo Royale with Cheese batting - Pitching for Pocatello Bellas : RHP Martín Ramírez | Batting: LHB Roberto Sandoval | 0-0: Ball 1-0: Called Strike 1-1: DOUBLE (Flyball, 8LXD) | Batting: RHB Jimmy Simon | 0-0: Ball 1-0: Called Strike 1-1: Ball 2-1: Swinging Strike 2-2: Ball 3-2: Foul Ball, location: 2F 3-2: Strikes out looking | Batting: LHB Ricardo Romero | 0-0: Ball 1-0: Ball 2-0: Swinging Strike 2-1: Fly out, F9 (Flyball, 9S) | Batting: RHB Tae-kwon Kwon | 0-0: Fly out, F9 (Flyball, 9S) | Bottom of the 2nd over - 0 runs, 1 hit, 0 errors, 1 left on base; Pocatello 1 - Kalamazoo 0 | TOP OF THE 3RD |
---|
Pocatello Bellas batting - Pitching for Kalamazoo Royale with Cheese : RHP Jason Taylor | Batting: LHB Keith Beard | 0-0: Ball 1-0: Foul Ball, location: 2F 1-1: Ball 2-1: Foul Ball, location: 2F 2-2: Strikes out looking | Batting: SHB Shane Hutchinson | 0-0: Ball 1-0: Called Strike 1-1: Ball 2-1: Ball 3-1: Called Strike 3-2: Base on Balls | Batting: RHB Marlon Phipps | 0-0: Called Strike 0-1: Called Strike 0-2: Ball 1-2: Strikes out swinging | Pitching: RHP Armen Boyajian | | Batting: SHB Nick Cox | 0-0: Ball 1-0: Called Strike 1-1: Ball 2-1: SINGLE (Groundball, 4MD) Shane Hutchinson to second Runner from 2nd tries for 3rd, SAFE, no throw | Batting: RHB Tomás Carranza | 0-0: Called Strike 0-1: Called Strike 0-2: Ball 1-2: SINGLE (Line Drive, 56) Shane Hutchinson scores Nick Cox to second | Batting: LHB Keng-chi Lao | 0-0: Ball 1-0: Ball 2-0: Ball 3-0: Ground out 4-3 (Groundball, 4S) | Top of the 3rd over - 1 run, 2 hits, 0 errors, 2 left on base; Pocatello 2 - Kalamazoo 0 | BOTTOM OF THE 3RD |
---|
Kalamazoo Royale with Cheese batting - Pitching for Pocatello Bellas : RHP Martín Ramírez | Batting: SHB Tim Reid | 0-0: Called Strike 0-1: Ground out 4-3 (Groundball, 34D) | Batting: RHB José Velásquez | 0-0: Ball 1-0: Fly out, F9 (Line Drive, 9) | Batting: SHB Bob Noble | 0-0: Ball 1-0: SINGLE (Groundball, 6M) (infield hit) | Batting: LHB Vincente Sáenz | 0-0: Ball 1-0: Ball 2-0: Called Strike 2-1: DOUBLE (Line Drive, 7D) Bob Noble to third | Batting: SHB Caden Keith | 0-0: Ball 1-0: Called Strike 1-1: Ground out 6-3 (Groundball, 6) | Bottom of the 3rd over - 0 runs, 2 hits, 0 errors, 2 left on base; Pocatello 2 - Kalamazoo 0 | TOP OF THE 4TH |
---|
Pocatello Bellas batting - Pitching for Kalamazoo Royale with Cheese : RHP Armen Boyajian | Batting: RHB Morgan Gibbon | 0-0: Single, Error in OF, E7, batter to second base | Batting: RHB José Delgado | 0-0: Ball 1-0: Called Strike 1-1: Called Strike 1-2: Foul Ball, location: 2F 1-2: Ball 2-2: Ball 3-2: Base on Balls | Batting: RHB Francisco Ibarra | 0-0: Ball 1-0: Called Strike 1-1: Foul Ball, location: 2F 1-2: Ball 2-2: Foul Ball, location: 2F 2-2: Foul Ball, location: 2F 2-2: Ball 3-2: Base on Balls Morgan Gibbon to third José Delgado to second | Batting: LHB Keith Beard | 0-0: Called Strike 0-1: Ball 1-1: Grounds into double play, 4-6-3 (Groundball, 4) Morgan Gibbon scores José Delgado to third | Batting: SHB Shane Hutchinson | 0-0: Called Strike 0-1: Ball 1-1: Foul Ball, location: 2F 1-2: Foul Ball, location: 2F 1-2: Ball 2-2: Ball 3-2: Ground out 4-3 (Groundball, 4) | Top of the 4th over - 1 run, 1 hit, 1 error, 1 left on base; Pocatello 3 - Kalamazoo 0 | BOTTOM OF THE 4TH |
---|
Kalamazoo Royale with Cheese batting - Pitching for Pocatello Bellas : RHP Martín Ramírez | Batting: LHB Roberto Sandoval | 0-0: SINGLE (Groundball, 34D) | Batting: RHB Jimmy Simon | 0-0: Called Strike 0-1: Ball 1-1: Ground out U3 (Groundball, 3S) Roberto Sandoval to second | Batting: LHB Ricardo Romero | 0-0: Swinging Strike 0-1: Ball 1-1: Ground out 5-3 (Groundball, 56S) Roberto Sandoval to third | Batting: RHB Tae-kwon Kwon | 0-0: Ball 1-0: SINGLE (Groundball, 56D) Roberto Sandoval scores | Batting: SHB Tim Reid | 0-0: Foul Ball, location: 2F 0-1: Foul Ball, location: 2F 0-2: Ball Wild Pitch! Tae-kwon Kwon to second 1-2: Foul Ball, location: 2F 1-2: Ground out 6-3 (Groundball, 6) | Bottom of the 4th over - 1 run, 2 hits, 0 errors, 1 left on base; Pocatello 3 - Kalamazoo 1 | TOP OF THE 5TH |
---|
Pocatello Bellas batting - Pitching for Kalamazoo Royale with Cheese : RHP Armen Boyajian | Batting: RHB Marlon Phipps | 0-0: SINGLE (Line Drive, 9S) | Batting: SHB Nick Cox | 0-0: Ball 1-0: Called Strike 1-1: Called Strike 1-2: Foul Ball, location: 2F 1-2: Foul Ball, location: 2F 1-2: Fly out, F7 (Flyball, 7S) | Batting: RHB Tomás Carranza | 0-0: Foul Ball, location: 2F 0-1: SINGLE (Line Drive, 34) Marlon Phipps to second | Batting: LHB Keng-chi Lao | 0-0: Grounds into double play, 4-6-3 (Groundball, 4) | Top of the 5th over - 0 runs, 2 hits, 0 errors, 1 left on base; Pocatello 3 - Kalamazoo 1 | BOTTOM OF THE 5TH |
---|
Kalamazoo Royale with Cheese batting - Pitching for Pocatello Bellas : RHP Martín Ramírez | Batting: RHB José Velásquez | 0-0: Swinging Strike 0-1: Ball 1-1: SINGLE (Groundball, 6MD) | Batting: SHB Bob Noble | 0-0: Called Strike 0-1: Swinging Strike 0-2: Reached on error, E1 (Groundball, 13) José Velásquez to second | Batting: LHB Vincente Sáenz | 0-0: Ball 1-0: Ball 2-0: Foul Ball, location: 2F 2-1: Fly out, F9 (Line Drive, 89D) Runner from 2nd tags up, SAFE at 3rd, no throw | Batting: SHB Caden Keith | 0-0: Foul Ball, location: 2F 0-1: Called Strike 0-2: Ball 1-2: Ball 2-2: Ball 3-2: SINGLE (Line Drive, 6D) José Velásquez scores Bob Noble to second | Batting: LHB Roberto Sandoval | 0-0: Fly out, F7 (Flyball, 78D) | Batting: RHB Jimmy Simon | 0-0: Ball 1-0: SINGLE (Groundball, 34D) Bob Noble to third Caden Keith to second Runner from 3rd tries for Home, throw and OUT! | Bottom of the 5th over - 1 run, 3 hits, 1 error, 2 left on base; Pocatello 3 - Kalamazoo 2 | TOP OF THE 6TH |
---|
Pocatello Bellas batting - Pitching for Kalamazoo Royale with Cheese : RHP Armen Boyajian | Batting: RHB Morgan Gibbon | 0-0: Ball 1-0: Foul Ball, location: 2F 1-1: Ground out 1-3 (Groundball, 13S) | Batting: RHB José Delgado | 0-0: Called Strike 0-1: Ball 1-1: Foul Ball, location: 2F 1-2: Foul Ball, location: 2F 1-2: Foul Ball, location: 2F 1-2: Ball 2-2: SOLO HOME RUN (Flyball, 7LD), Distance : 342 ft | Pitching: RHP Roberto Ledesma | | Batting: RHB Francisco Ibarra | 0-0: Ball 1-0: DOUBLE (Line Drive, 89XD) | Batting: LHB Keith Beard | 0-0: Ball 1-0: Fly out, F9 (Flyball, 89D) Runner from 2nd tags up, SAFE at 3rd, no throw | Batting: SHB Shane Hutchinson | 0-0: Ball 1-0: Foul Ball, location: 2F 1-1: Ball 2-1: Ball 3-1: Foul Ball, location: 2F 3-2: Base on Balls | Batting: RHB Marlon Phipps | 0-0: Ball 1-0: Ball 2-0: Called Strike 2-1: Fly out, F8 (Flyball, 8LXD) | Top of the 6th over - 1 run, 2 hits, 0 errors, 2 left on base; Pocatello 4 - Kalamazoo 2 | BOTTOM OF THE 6TH |
---|
Kalamazoo Royale with Cheese batting - Pitching for Pocatello Bellas : RHP Martín Ramírez | Batting: LHB Ricardo Romero | 0-0: Ball 1-0: Ground out 5-3 (Groundball, 5) | Batting: RHB Tae-kwon Kwon | 0-0: Called Strike 0-1: Ball 1-1: Ground out 6-3 (Groundball, 6) | Batting: SHB Tim Reid | 0-0: Called Strike 0-1: Fly out, F8 (Flyball, 8RS) | Bottom of the 6th over - 0 runs, 0 hits, 0 errors, 0 left on base; Pocatello 4 - Kalamazoo 2 | TOP OF THE 7TH |
---|
Pocatello Bellas batting - Pitching for Kalamazoo Royale with Cheese : RHP Roberto Ledesma | Batting: SHB Nick Cox | 0-0: DOUBLE (Line Drive, 7LD) | Batting: RHB Tomás Carranza | 0-0: Intentional Walk | Pitching: LHP Jason Simpson | | Pinch Hitting: RHB Germán Rosales | 0-0: Ball 1-0: Sac Bunt - play at third, runner OUT! 5-6 Tomás Carranza to second | Pitching: LHP Manuel Herrera | | Batting: RHB Morgan Gibbon | 0-0: Swinging Strike 0-1: Fly out, F6 (Popup, 5D) | Batting: RHB José Delgado | 0-0: Ball 1-0: Foul Ball, location: 2F 1-1: Ball 2-1: Foul Ball, location: 2F 2-2: Ball 3-2: Ground out 5-3 (Groundball, 5L) | Top of the 7th over - 0 runs, 1 hit, 0 errors, 2 left on base; Pocatello 4 - Kalamazoo 2 | BOTTOM OF THE 7TH |
---|
Kalamazoo Royale with Cheese batting - Pitching for Pocatello Bellas : RHP Martín Ramírez | Now at 3B: Enrico Rodríguez | | Batting: RHB José Velásquez | 0-0: Ball 1-0: Foul Ball, location: 2F 1-1: Swinging Strike 1-2: Ball 2-2: Ground out 4-3 (Groundball, 4) | Batting: SHB Bob Noble | 0-0: Called Strike 0-1: Fly out, F8 (Flyball, 89S) | Batting: LHB Vincente Sáenz | 0-0: Swinging Strike 0-1: Foul Ball, location: 2F 0-2: SINGLE (Groundball, 4MD) | Batting: SHB Caden Keith | 0-0: Fly out, F9 (Flyball, 89M) | Bottom of the 7th over - 0 runs, 1 hit, 0 errors, 1 left on base; Pocatello 4 - Kalamazoo 2 | TOP OF THE 8TH |
---|
Pocatello Bellas batting - Pitching for Kalamazoo Royale with Cheese : LHP Manuel Herrera | Batting: RHB Francisco Ibarra | 0-0: Called Strike 0-1: Called Strike 0-2: Ball 1-2: Ball 2-2: Fly out, F7 (Flyball, 78M) | Batting: LHB Keith Beard | 0-0: Swinging Strike 0-1: Ball 1-1: Called Strike 1-2: Ball 2-2: Ball 3-2: Foul Ball, location: 2F 3-2: Base on Balls | Batting: SHB Shane Hutchinson | 0-0: Ball 1-0: SINGLE (Groundball, 56D) Keith Beard to second | Batting: RHB Marlon Phipps | 0-0: Called Strike 0-1: Called Strike 0-2: Ball 1-2: SINGLE (Groundball, 6MD) Keith Beard to third Shane Hutchinson to second Runner from 3rd tries for Home, SAFE, throw made home | Batting: SHB Nick Cox | 0-0: Called Strike 0-1: SINGLE (Groundball, 4MD) Shane Hutchinson to third Marlon Phipps to second Runner from 3rd tries for Home, SAFE, throw made home | Batting: RHB Tomás Carranza | 0-0: SINGLE (Groundball, 3S) (infield hit) Marlon Phipps to third Nick Cox to second | Batting: RHB Enrico Rodríguez | 0-0: SINGLE (Groundball, 4MD) Marlon Phipps scores Nick Cox to third Tomás Carranza to second Runner from 3rd tries for Home, SAFE, no throw | Batting: RHB Morgan Gibbon | 0-0: Ball Tomás Carranza steals 3rd base 1-0: Ball 2-0: Ball 3-0: Called Strike 3-1: Base on Balls Enrico Rodríguez to second | Batting: RHB José Delgado | 0-0: Fly out, F8 (Flyball, 8RD) Runner from 3rd tags up, OUT at HOME | Top of the 8th over - 4 runs, 5 hits, 0 errors, 2 left on base; Pocatello 8 - Kalamazoo 2 | BOTTOM OF THE 8TH |
---|
Kalamazoo Royale with Cheese batting - Pitching for Pocatello Bellas : RHP Martín Ramírez | Pitching: RHP Bud Baldwin | | Batting: LHB Roberto Sandoval | 0-0: Ball 1-0: Called Strike 1-1: Foul Ball, location: 2F 1-2: Ball 2-2: Strikes out swinging | Batting: RHB Jimmy Simon | 0-0: Fly out, F8 (Flyball, 8LD) | Batting: LHB Ricardo Romero | 0-0: Foul Ball, location: 2F 0-1: Ball 1-1: Called Strike 1-2: Strikes out swinging | Bottom of the 8th over - 0 runs, 0 hits, 0 errors, 0 left on base; Pocatello 8 - Kalamazoo 2 | TOP OF THE 9TH |
---|
Pocatello Bellas batting - Pitching for Kalamazoo Royale with Cheese : LHP Manuel Herrera | Batting: RHB Francisco Ibarra | 0-0: Fly out, F9 (Flyball, 9S) | Batting: LHB Keith Beard | 0-0: Foul Ball, location: 2F 0-1: Ball 1-1: Ball 2-1: DOUBLE (Line Drive, 9LM) | Batting: SHB Shane Hutchinson | 0-0: Ball Keith Beard steals 3rd base 1-0: Called Strike 1-1: Ball 2-1: Ground out 6-3 (Groundball, 6) Keith Beard scores | Batting: RHB Marlon Phipps | 0-0: Ball 1-0: Called Strike 1-1: Foul Ball, location: 2F 1-2: Foul Ball, location: 2F 1-2: Ball 2-2: Ground out 6-3 (Groundball, 6) | Top of the 9th over - 1 run, 1 hit, 0 errors, 0 left on base; Pocatello 9 - Kalamazoo 2 | BOTTOM OF THE 9TH |
---|
Kalamazoo Royale with Cheese batting - Pitching for Pocatello Bellas : RHP Bud Baldwin | Batting: RHB Tae-kwon Kwon | 0-0: Ground out 4-3 (Groundball, 4) | Batting: SHB Tim Reid | 0-0: Called Strike 0-1: Ball 1-1: Ball 2-1: SINGLE (Groundball, 6MS) (infield hit) | Batting: RHB José Velásquez | 0-0: Foul Ball, location: 2F 0-1: Foul Ball, location: 2F 0-2: Ground out 5-3 (Groundball, 56S) Tim Reid to second | Batting: SHB Bob Noble | 0-0: Called Strike 0-1: Called Strike 0-2: Ball 1-2: Ground out U3 (Groundball, 3S) | Bottom of the 9th over - 0 runs, 1 hit, 0 errors, 1 left on base; Pocatello 9 - Kalamazoo 2 | |